 Dungeon Crawl Stone Soup version 0.21-a0-344-g2144152 (webtiles) character file.

120 paralogiki the Skirmisher (level 5, 0/47 HPs)
             Began as a Gnoll Wanderer on Oct 4, 2017.
             Slain by an orc priest
             ... wielding a +0 mace
              (1 damage)
             ... on level 3 of the Dungeon.
             The game lasted 00:02:58 (1644 turns).

paralogiki the Skirmisher (Gnoll Wanderer)          Turns: 1644, Time: 00:02:59

Health: 0/47       AC: 13    Str: 19    XL:     5   Next: 4%
Magic:  6/6        EV:  6    Int: 12    God:
Gold:   119        SH:  0    Dex: 12    Spells: 6/6 levels left

rFire    . . .     SeeInvis .   c - +0 hand axe
rCold    . . .     Gourm    .   (no shield)
rNeg     . . .     Faith    .   h - +0 plate armour
rPois    .         Spirit   .   (no helmet)
rElec    .         Reflect  .   (no cloak)
rCorr    .         Harm     .   (no gloves)
MR       .....                  i - +0 pair of boots
Stlth    ..........             t - amulet of rage {+Rage, !d}
HPRegen  0.15/turn              r - -3 ring of dexterity (curse)
MPRegen  0.10/turn              u - +2 ring of strength

@: very slightly contaminated, invisible (expiring)
A: distributed training, fangs 1, strong nose
a: Evoke Berserk Rage


You were on level 3 of the Dungeon.
You were not hungry.

You visited 1 branch of the dungeon, and saw 3 of its levels.

You collected 119 gold pieces.

Inventory:

Hand Weapons
 c - a +0 hand axe (weapon)
Armour
 h - a +0 plate armour (worn)
   (You found it on level 1 of the Dungeon)
 i - a +0 pair of boots (worn)
   (You found it on level 1 of the Dungeon)
Jewellery
 p - an uncursed ring of stealth {Stlth+}
   (You found it on level 2 of the Dungeon)
 r - a cursed -3 ring of dexterity (left hand)
   (You found it on level 2 of the Dungeon)
 t - an amulet of rage (around neck) {+Rage, !d}
   (You found it on level 2 of the Dungeon)
 u - a +2 ring of strength (right hand)
   (You found it on level 2 of the Dungeon)
Scrolls
 e - 4 scrolls of identify {@r1}
 g - 4 scrolls of teleportation
Potions
 b - 3 potions of curing {unknown}
 d - 2 potions of lignification {!q}
 l - a potion of berserk rage {unknown}
 n - a potion of invisibility
 o - 2 potions of haste {unknown}
Comestibles
 a - 6 chunks of flesh {@w0}
 f - 2 bread rations {@e1}
 j - 2 royal jellies
 m - 2 meat rations {@e2}


   Skills:
 + Level 6.6 Fighting
 + Level 1.3 Short Blades
 + Level 1.3 Long Blades
 + Level 4.7 Axes
 + Level 1.3 Maces & Flails
 + Level 1.3 Polearms
 + Level 1.3 Staves
 + Level 1.3 Slings
 + Level 1.3 Bows
 + Level 1.3 Crossbows
 + Level 1.3 Throwing
 + Level 4.7 Armour
 + Level 1.3 Dodging
 + Level 2.6 Stealth
 + Level 2.8 Shields
 + Level 2.8 Unarmed Combat
 + Level 1.3 Spellcasting
 + Level 1.3 Conjurations
 + Level 1.3 Hexes
 + Level 1.3 Charms
 + Level 1.3 Summonings
 + Level 1.3 Necromancy
 + Level 1.3 Translocations
 + Level 1.3 Transmutations
 + Level 1.3 Fire Magic
 + Level 1.3 Ice Magic
 + Level 1.3 Air Magic
 + Level 1.3 Earth Magic
 + Level 1.3 Poison Magic
 + Level 1.3 Invocations
 + Level 1.3 Evocations


You had 6 spell levels left.
You didn't know any spells.

Dungeon Overview and Level Annotations

Branches:
Dungeon (3/15)

Altars:
Gozag


Innate Abilities, Weirdness & Mutations

Your experience applies equally to all skills.
You have very sharp teeth.
Your uncanny sense of smell can sniff out nearby items.


Message History

Eating one of 9 chunks of flesh {@w0}.
You eat one of the 9 chunks of flesh {@w0}.
An orc and an orc priest come into view.
The orc shouts!
The orc priest shouts!
You regained 4 hp, and now have 37/41 hp.
An orc comes into view. It is wielding a great mace.
You barely miss the orc. You punch the orc, but do no damage.
The orc closely misses you.
You closely miss the orc. You hit the orc. The orc hits you with a great mace.
The orc hits you but does no damage.
You take 4 damage, and have 33/41 hp.
You hit the orc but do no damage. Your bite misses the orc.
You barely miss the orc. The orc hits you with a great mace!
The orc barely misses you.
You take 7 damage, and have 26/41 hp.
You hit the orc but do no damage.
Your plate armour prevents you from hitting the orc.
The orc hits you with a great mace.
You take 2 damage, and have 24/41 hp.
You are too injured to fight recklessly!
You are too injured to fight recklessly!
You are too injured to fight recklessly!
The orc priest barely misses you. The orc hits you with a great mace!
The orc closely misses you.
A bat comes into view.
You take 7 damage, and have 17/41 hp.
You closely miss the orc priest.
You bite the orc priest, but do no damage.
You hit the orc but do no damage. You hit the orc.
The orc priest hits you but does no damage.
The orc hits you but does no damage.
You barely miss the orc priest.
Your plate armour prevents you from hitting the orc.
You closely miss the orc. You miss the bat.
The bat hits you but does no damage. x2; The orc hits you but does no damage.
The orc priest hits you with a mace. The orc hits you but does no damage.
You take 2 damage, and have 15/41 hp.
Your plate armour prevents you from hitting the orc priest.
You bite the orc priest, but do no damage.
You closely miss the orc. You hit the orc. You closely miss the bat.
The bat completely misses you. The orc hits you with a great mace.
* * * LOW HITPOINT WARNING * * *
The orc hits you but does no damage. The orc priest barely misses you.
You take 6 damage, and have 9/41 hp.
You fade into invisibility!
The bat hits you but does no damage. The orc hits you but does no damage.
The orc barely misses you.
You are very lightly contaminated with residual magic.
Some of the chunks of flesh in your inventory have rotted away.
You hit the orc priest but do no damage.
You closely miss the orc. You hit the orc but do no damage. You hit the bat.
The bat hits you but does no damage. The orc priest barely misses you.
The orc closely misses you.
You barely miss the orc priest.
You strike the helpless orc from behind!
You hit the orc but do no damage. You closely miss the orc.
You closely miss the bat. The bat hits you but does no damage.
The orc hits you but does no damage.
The orc priest hits you but does no damage.
The orc hits you with a great mace.
* * * LOW HITPOINT WARNING * * *
You hit the orc priest but do no damage.
You hit the orc but do no damage. You hit the orc.
The orc hits you but does no damage. The bat completely misses you.
The orc priest hits you but does no damage.
You closely miss the orc priest. You hit the bat.
You kill the bat!
You have reached level 5!
You hit the orc but do no damage. You closely miss the orc.
The orc hits you with a hand axe.
* * * LOW HITPOINT WARNING * * *
The orc barely misses you. The orc priest hits you with a mace.
* * * LOW HITPOINT WARNING * * *
You take 1 damage, and have 8/47 hp.
MP restored: 6 You hit the orc priest but do no damage.
You catch the helpless orc completely off-guard!
You hit the orc.
You kill the orc!
You closely miss the orc. The orc barely misses you.
The orc priest barely misses you.
You hit the orc priest.
You strike the helpless orc from behind!
You hit the orc but do no damage. The orc hits you with a great mace.
* * * LOW HITPOINT WARNING * * *
The orc priest begins to cast a cantrip, but forgets the words!
You take 5 damage, and have 3/47 hp.
You closely miss the orc priest. You hit the orc.
You kill the orc!
The orc priest invokes the aid of Beogh against you.
Pain shoots through your body!
* * * LOW HITPOINT WARNING * * *
You take 2 damage, and have 1/47 hp.
You catch the helpless orc priest completely off-guard!
You slash the orc priest!
The orc priest hits you but does no damage.
You hit the orc priest but do no damage.
You flicker for a moment.
The orc priest hits you with a mace.
You die...

..#.# #.#
..#.# #.#
..#.. #.#
..### #.# ..#
#.# # #.# #.#
####.# #.###
...#####)...#
.>...
......o@..###
#.###
.....#†)#...#
# # ...
#..#...##
#.## #
#.###...#
.... ..
∆#...# ....
#.# ##..#
#..# ∆ ..
#..# ###.#
#.# ##.# # ##
#.#


You could see an orc priest.

Vanquished Creatures
  Jessica (D:3)
  3 adders
  4 worms
  4 dart slugs
  A leopard gecko (D:2)
  4 orcs (D:3)
  7 bats
  5 goblins
  5 hobgoblins
  2 jackals (D:3)
  A quokka (D:2)
  3 frilled lizards (D:1)
  5 kobolds
  2 rats (D:3)
47 creatures vanquished.

Notes
Turn   | Place    | Note
-------+----------+-------------------------------------------
     0 | D:1      | paralogiki the Gnoll Wanderer began the quest for the Orb.
     0 | D:1      | paralogiki set off with: a +2 dagger, a potion of heal wounds, a +0 hand axe, a potion of lignification {!q}, a +0 robe, a bread ration {@e1}
     0 | D:1      | Reached XP level 1. HP: 23/23 MP: 1/1
   269 | D:1      | Reached XP level 2. HP: 16/29 MP: 2/2
   827 | D:2      | Reached XP level 3. HP: 29/35 MP: 3/3
  1221 | D:2      | Found an opulent altar of Gozag.
  1353 | D:3      | Noticed Jessica
  1366 | D:3      | Reached skill level 1 in Short Blades
  1366 | D:3      | Reached skill level 1 in Long Blades
  1366 | D:3      | Reached skill level 1 in Maces & Flails
  1366 | D:3      | Reached skill level 1 in Polearms
  1366 | D:3      | Reached skill level 1 in Staves
  1366 | D:3      | Reached skill level 1 in Slings
  1366 | D:3      | Reached skill level 1 in Bows
  1366 | D:3      | Reached skill level 1 in Crossbows
  1366 | D:3      | Reached skill level 1 in Throwing
  1366 | D:3      | Reached skill level 1 in Dodging
  1366 | D:3      | Reached skill level 1 in Spellcasting
  1366 | D:3      | Reached skill level 1 in Conjurations
  1366 | D:3      | Reached skill level 1 in Hexes
  1366 | D:3      | Reached skill level 1 in Charms
  1366 | D:3      | Reached skill level 1 in Summonings
  1366 | D:3      | Reached skill level 1 in Necromancy
  1366 | D:3      | Reached skill level 1 in Translocations
  1366 | D:3      | Reached skill level 1 in Transmutations
  1366 | D:3      | Reached skill level 1 in Fire Magic
  1366 | D:3      | Reached skill level 1 in Ice Magic
  1366 | D:3      | Reached skill level 1 in Air Magic
  1366 | D:3      | Reached skill level 1 in Earth Magic
  1366 | D:3      | Reached skill level 1 in Poison Magic
  1366 | D:3      | Reached skill level 1 in Invocations
  1366 | D:3      | Reached skill level 1 in Evocations
  1371 | D:3      | Killed Jessica
  1371 | D:3      | Reached XP level 4. HP: 41/41 MP: 5/5
  1634 | D:3      | HP: 9/41 [orc/great mace (6)]
  1639 | D:3      | Reached XP level 5. HP: 10/47 MP: 6/6
  1639 | D:3      | HP: 9/47 [orc/hand axe (1)]
  1641 | D:3      | HP: 3/47 [orc/great mace (6)]
  1642 | D:3      | HP: 1/47 [orc priest/nerve-wracking pain (2)]
  1644 | D:3      | Slain by an orc priest

Vault maps used:
D:1:      ncdulo_smallfort, minmay_misc_feat_nine_boxes, item_on_display_a
D:2:      lemuel_doored_altar
D:3:      minitemple, lightli_sewer_entry_pipes, first_bread,
          grunt_decor_resistance, minmay_unequal, uniq_terence, uniq_jessica

Skill      XL: |  1  2  3 |
---------------+----------+-----
Short Blades   | 1 |  1.3
Long Blades    | 1 |  1.3
Maces & Flails | 1 |  1.3
Polearms       | 1 |  1.3
Staves         | 1 |  1.3
Slings         | 1 |  1.3
Bows           | 1 |  1.3
Crossbows      | 1 |  1.3
Throwing       | 1 |  1.3
Dodging        | 1 |  1.3
Spellcasting   | 1 |  1.3
Conjurations   | 1 |  1.3
Hexes          | 1 |  1.3
Charms         | 1 |  1.3
Summonings     | 1 |  1.3
Necromancy     | 1 |  1.3
Translocations | 1 |  1.3
Transmutations | 1 |  1.3
Fire Magic     | 1 |  1.3
Ice Magic      | 1 |  1.3
Air Magic      | 1 |  1.3
Earth Magic    | 1 |  1.3
Poison Magic   | 1 |  1.3
Invocations    | 1 |  1.3
Evocations     | 1 |  1.3
Fighting       | |  6.6
Axes           | |  4.7
Armour         | |  4.7
Stealth        | |  2.6
Shields        | |  2.8
Unarmed Combat | |  2.8

Action                   |  1- 3 |  4- 6 || total
-------------------------+-------+-------++-------
Melee: Hand axe          |   146 |    45 ||   191
       Bite              |    15 |     6 ||    21
       Punch             |       |     1 ||     1
  Use: Scroll            |     5 |       ||     5
       Potion            |     1 |     1 ||     2
 Stab: Sleeping          |     1 |       ||     1
       Invisible         |       |     4 ||     4
  Eat: Chunk             |     2 |     1 ||     3
Armor: Robe              |     2 |       ||     2
       Plate armour      |   106 |    32 ||   138
Dodge: Dodged            |    51 |    23 ||    74

Table legend:
 A = Spawn XP
 B = Non-spawn XP
 C = Spawn XP percentage of total XP
 D = Spawn monster count
 E = Non-spawn monster count
 F = Spawn count percentage of total count
 G = Total turns spent on level
                    A         B        C        D         E        F      G
               +---------+---------+-------+---------+---------+-------+---------
         Total |       0 |     172 |   0.0 |       0 |      47 |   0.0 |  1644
               +---------+---------+-------+---------+---------+-------+---------
           D:1 |       0 |      31 |   0.0 |       0 |      18 |   0.0 |   771
           D:2 |       0 |      42 |   0.0 |       0 |      13 |   0.0 |   577
           D:3 |       0 |      99 |   0.0 |       0 |      16 |   0.0 |   296
               +---------+---------+-------+---------+---------+-------+---------

Vault maps used:
D:1:      ncdulo_smallfort, minmay_misc_feat_nine_boxes, item_on_display_a
D:2:      lemuel_doored_altar
D:3:      minitemple, lightli_sewer_entry_pipes, first_bread,
          grunt_decor_resistance, minmay_unequal, uniq_terence, uniq_jessica

Table legend:
 A = Turns spent in this place as a percentage of turns spent in the entire game.
 B = Non-inter-level travel turns spent in this place as a percentage of non-inter-level travel turns spent in the entire game.
 C = Inter-level travel turns spent in this place as a percentage of turns spent in this place.
 D = Turns resting spent in this place as a percentage of non-inter-level travel turns spent in this place.
 E = Turns spent auto-exploring this place as a percentage of non-inter-level travel turns spent in this place.
 F = Non-inter-level travel turns spent in this place divided by the number of levels of this place that you've seen.
                   A       B       C       D       E      F
               +-------+-------+-------+-------+-------+----------------------
         Total | 100.0 | 100.0 |   2.9 |  21.2 |  51.7 | 532.3
       Dungeon | 100.0 | 100.0 |   2.9 |  21.2 |  51.7 | 532.3
               +-------+-------+-------+-------+-------+----------------------

Table legend:
 A = Kills in this place as a percentage of kills in entire the game.
 B = Kills by you in this place as a percentage of kills by you in the entire game.
 C = Kills by friends in this place as a percentage of kills by friends in the entire game.
 D = Other kills in this place as a percentage of other kills in the entire game.
 E = Experience gained in this place as a percentage of experience gained in the entire game.
 F = Experience gained in this place divided by the number of levels of this place that you have seen.
                   A       B       C       D       E      F
               +-------+-------+-------+-------+-------+----------------------
         Total | 100.0 | 100.0 |   N/A |   N/A | 100.0 |  57.3
       Dungeon | 100.0 | 100.0 |   N/A |   N/A | 100.0 |  57.3
               +-------+-------+-------+-------+-------+----------------------
